 Dungeon Crawl Stone Soup version 0.28.0-1-gb440e238dd (webtiles) character file.

Game seed: 348575813030120987

672 Discosetron the Magician (level 7, -2/32 HPs)
             Began as a Spriggan Earth Elementalist on Feb 19, 2022.
             Slain by a lemure (3 damage)
             ... led by Pikel
             ... while paralysed by Grinder
             ... on level 5 of the Dungeon.
             The game lasted 00:09:06 (5189 turns).

Discosetron the Magician (SpEE)                     Turns: 5189, Time: 00:09:06

Health: -2/32      AC:  3    Str:  4    XL:     7   Next: 32%
Magic:  17/19      EV:  4    Int: 17    God:
Gold:   151        SH:  0    Dex: 17    Spells: 12/21 levels left

rFire   . . .      SeeInvis +   A - +7 pair of quick blades "Gyre" and "Gimble" {protect}
rCold   . . .      Faith    .   (shield currently unavailable)
rNeg    . . .      Spirit   .   c - +0 animal skin
rPois   .          Reflect  .   (helmet restricted)
rElec   .          Harm     .   u - +0 cloak
rCorr   .          Rampage  .   (gloves unavailable)
Will    +....                   (boots unavailable)
Stlth   ++++......              (no amulet)
HPRegen 0.10/turn               (no ring)
MPRegen 0.16/turn               (no ring)

@: paralysed, very quick
A: very small, no large weapons, unfitting armour, see invisible, speed 3
a: no special abilities


You were on level 5 of the Dungeon.
You visited 1 branch of the dungeon, and saw 5 of its levels.

You collected 151 gold pieces.

Inventory:

Hand Weapons
 d - a +0 dagger
 A - the +7 pair of quick blades "Gyre" and "Gimble" (weapon) {protect}
   (You found it on level 4 of the Dungeon)

   It grants its wielder temporary protection when it strikes (+7 to AC).
Missiles
 j - 18 poisoned darts
 l - a throwing net
 q - 62 stones
Armour
 b - a +0 robe
 c - a +0 animal skin (worn)
 u - a +0 cloak (worn)
Magical Staves
 a - a staff of poison
 n - a staff of death
Jewellery
 p - an amulet of guardian spirit
Wands
 r - a wand of mindburst (2)
Scrolls
 h - a scroll of immolation {unknown}
 m - a scroll of enchant weapon {unknown}
 t - a scroll of fog {unknown}
 v - a scroll of teleportation
 w - a scroll of silence {unknown}
 y - a scroll of blinking {unknown}
 z - a scroll of amnesia {unknown}
 B - a scroll of enchant armour
Potions
 f - 3 potions of heal wounds {unknown}
 i - a potion of flight {unknown}
 k - 4 potions of degeneration {unknown}
 o - a potion of invisibility {unknown}
 s - a potion of haste {unknown}
 x - a potion of lignification {unknown}


   Skills:
 * Level 1.5 Short Blades
 - Level 2.6 Dodging
 + Level 7.6 Stealth
 + Level 7.8 Spellcasting
 + Level 2.5 Transmutations
 - Level 2.6 Earth Magic


You had 12 spell levels left.
You knew the following spells:

 Your Spells              Type           Power      Damage    Failure   Level
a - Sandblast             Erth           30%        2d9       3%          1
e - Poisonous Vapours     Pois/Air       12%        N/A       16%         2
f - Petrify               Tmut/Erth      15%        N/A       36%         4
p - Passwall              Tmut/Erth      12%        N/A       5%          2

Your spell library contained the following spells:

 Spells                   Type           Power      Damage    Failure   Level
 Pain                     Necr           24%        1d5       11%         1
 Corpse Rot               Necr/Air       12%        N/A       16%         2
 Stone Arrow              Conj/Erth      22%        3d8       19%         3
 Agony                    Necr           6%         N/A       96%         5
 Excruciating Wounds      Necr           3%         N/A       96%         5


Dungeon Overview and Level Annotations

Branches:
Dungeon (5/15)
 Temple: D:4-7

Altars:

Annotations:
D:5 Grinder, Pikel


Innate Abilities, Weirdness & Mutations

You are very small and have problems with some larger weapons.
You are too small for most types of armour.
You have supernaturally acute eyesight. (SInv)
You cover ground extremely quickly. (Speed+++)


Message History

You resist with significant effort. 2 lemures come into view.
The lemure shouts!
You hear a shout!
You puncture Grinder!
Your weapon exudes an aura of protection.
You closely miss Grinder. Grinder hits you.
You writhe in agony.
You hit Grinder. x2
Pikel, Merchant of Souls comes into view.
He is wielding a +2 whip of flaming.
Grinder barely misses you.
You barely miss Grinder. You puncture Grinder! You hit Grinder.
You hit Grinder but do no damage.
Grinder says, "I used to sell toenails on the black market."
Grinder hits you.
You barely miss Grinder. x2; Grinder barely misses you.
You hit Grinder. You hit Grinder but do no damage.
The hound zombie bites you but does no damage.
You completely miss Grinder. You hit Grinder.
A water moccasin zombie comes into view.
Grinder hits you.
You writhe in agony.
The hound zombie bites you.
You see here 11 gold pieces.
Grinder blinks!
Casting: Poisonous Vapours (safe; 16% risk of failure)
Confirm with . or Enter, or press ? or * to list all spells.
Aiming: Poisonous Vapours (safe; 16% risk of failure)
Press: ? - help, Dir - move target, f - Pikel
Aim: Pikel, wielding a +2 whip of flaming and wearing a +0 robe Poisonous vapours surround Pikel!
Pikel is poisoned.
Grinder gestures at you.
You suddenly lose the ability to move!
Grinder blinks!
The lemure hits you. x2
* * * LOW HITPOINT WARNING * * *
A lemure comes into view.
Grinder says, "Tell me all your secrets, or I'll kill you."
Grinder blinks!
Pikel looks more healthy.
The lemure hits you!
* * * LOW HITPOINT WARNING * * *
The lemure hits you.
You die...

* #..#....,,....**,,,,,,, *
#....#.###....##,,,,,,, *
#...##..........,,,,,,, *
*#..#.........##.,,**** *
#..............,.,,,,,
******######<.........ยง.##.#****,
,,,,,......................*,,,,,
*****###................#,,,,,**,
#..>....(@55$.$..#,,,*,,*,
#.........5.....#...,**,,,
#.........ZK.........,,,,_
#................##..**,,,
#................#*,,*,,*,
#..................*,,,**,
*,..............5...,,,,,,
*,..................Z,,,,,
****###............^.,,,,,


You could see Pikel, 4 lemures and a hound zombie.

Vanquished Creatures
  Sigmund (D:3)
  An ice beast (D:4)
  An ogre (D:4)
  A water moccasin skeleton (D:4)
  Crazy Yiuf (D:3)
  A jelly (D:4)
  Natasha (thrice) (D:2)
  Ijyb (D:3)
  Robin (D:3)
  4 adders
  A worm (D:4)
  4 orcs
  2 ball pythons (D:2)
  10 endoplasms
  2 giant cockroaches
  17 goblins
  5 hobgoblins
  12 jackals
  4 quokkas
  6 bats
  4 frilled lizards
  5 kobolds
  2 rats
89 creatures vanquished.

Notes
Turn   | Place    | Note
-------+----------+-------------------------------------------
     0 | D:1      | Discosetron the Spriggan Earth Elementalist began the quest
                  | for the Orb.
     0 | D:1      | Reached XP level 1. HP: 9/9 MP: 5/5
   218 | D:1      | Reached XP level 2. HP: 13/13 MP: 5/7
  1211 | D:2      | Reached XP level 3. HP: 15/16 MP: 5/9
  1267 | D:2      | Found a faded altar of an unknown god.
  1394 | D:2      | Noticed Natasha
  1405 | D:2      | Killed Natasha
  1406 | D:2      | Reached XP level 4. HP: 7/21 MP: 2/11
  1426 | D:2      | Noticed Natasha
  1442 | D:3      | Noticed Robin
  1512 | D:2      | Killed Natasha
  1513 | D:2      | Reached skill level 5 in Stealth
  1833 | D:2      | Reached skill level 5 in Spellcasting
  1979 | D:2      | Noticed Natasha
  2001 | D:2      | Killed Natasha
  2196 | D:2      | Learned a level 2 spell: Passwall
  2443 | D:3      | Reached XP level 5. HP: 16/24 MP: 5/13
  2603 | D:3      | Killed Robin
  3081 | D:3      | Noticed Ijyb
  3105 | D:3      | Killed Ijyb
  3162 | D:3      | Noticed Sigmund
  3214 | D:3      | Killed Sigmund
  3215 | D:3      | Reached XP level 6. HP: 28/28 MP: 0/17
  3348 | D:3      | Learned a level 4 spell: Petrify
  3446 | D:3      | Found a runed translucent door.
  3447 | D:3      | Noticed Crazy Yiuf
  3458 | D:3      | Killed Crazy Yiuf
  3777 | D:3      | Learned a level 2 spell: Poisonous Vapours
  4487 | D:4      | Found the +7 pair of quick blades "Gyre" and "Gimble"
                  | {protect}
  4488 | D:4      | Noticed an ice beast
  4527 | D:4      | Killed an ice beast
  4528 | D:4      | Reached XP level 7. HP: 32/32 MP: 11/18
  4928 | D:4      | Reached skill level 1 in Short Blades
  5162 | D:5      | Entered Level 5 of the Dungeon
  5167 | D:5      | Noticed Grinder
  5175 | D:5      | Noticed Pikel
  5185 | D:5      | Paralysed by Grinder for 6 turns
  5189 | D:5      | HP: 1/32 [lemure[Pikel] (8)]
  5189 | D:5      | Slain by a lemure

Illustrated notes

Levels and vault maps discovered:
D:1:      dpeg_arrival_three_same_balls, layout_rooms
D:2:      layout_rooms, hellmonk_ecumenical_altar_zigzags, uniq_natasha
D:3:      layout_loops_ring, uniq_sigmund, uniq_crazy_yiuf_cottage, uniq_ijyb,
          uniq_robin
D:4:      layout_rooms
D:5:      layout_rooms, mainiacjoe_overflow_small_starburst,
          gup_sewer_entry_pipe, uniq_pikel, uniq_grinder

Skill      XL: |  1  2  3  4  5  6  7 |
---------------+----------------------+-----
Spellcasting   | 3 4 5 7 |  7.8
Stealth        | 4 5 7 |  7.6
Transmutations | 2 |  2.5
Short Blades   | 1 |  1.5
Dodging        | |  2.6
Earth Magic    | |  2.6

Action                   |  1- 3 |  4- 6 |  7- 9 || total
-------------------------+-------+-------+-------++-------
Melee: Staff             |    17 |       |       ||    17
       Dagger            |    32 |   115 |       ||   147
       Punch             |     1 |     1 |       ||     2
       Pair of quick bla |       |       |    21 ||    21
 Cast: Sandblast         |    28 |    45 |       ||    73
       Passwall          |       |    11 |       ||    11
       Poisonous Vapours |       |     3 |    16 ||    19
       Petrify           |       |     2 |       ||     2
  Use: Scroll            |       |       |     3 ||     3
 Stab: Sleeping          |     5 |    12 |     2 ||    19
       Distracted        |       |     1 |     1 ||     2
       Petrified         |       |     5 |       ||     5
Armor: Robe              |     7 |     4 |       ||    11
       Animal skin       |       |     5 |     2 ||     7
Dodge: Dodged            |    54 |   101 |     6 ||   161
